 Dungeon Crawl Stone Soup version 0.25.1-2-g60ff931df9 (webtiles) character file.

Game seed: 16648291175233865284

9632 DearestLeader the Earth Mage (level 11, -3/54 HPs)
             Began as a Gargoyle Earth Elementalist on Sept 23, 2020.
             Was a Priest of Vehumet.
             Slain by Snorg (24 damage)
             ... on level 10 of the Dungeon on Sept 24, 2020.
             The game lasted 00:27:07 (11321 turns).

DearestLeader the Earth Mage (GrEE)                Turns: 11321, Time: 00:27:07

Health: -3/54      AC: 14    Str: 11    XL:     11   Next: 49%
Magic:  21/21      EV: 27    Int: 23    God:    Vehumet [***...]
Gold:   474        SH:  0    Dex: 10    Spells: 1/24 levels left

rFire    + . .     SeeInvis .   H - +3 trident (venom)
rCold    + . .     Gourm    .   (no shield)
rNeg     + . .     Faith    .   c - +0 robe
rPois    ∞         Spirit   .   v - +2 helmet {Int+3}
rElec    +         Reflect  .   (no cloak)
rCorr    .         Harm     .   o - +0 pair of gloves
MR       .....                  (no boots)
Stlth    ++........             w - amulet of the acrobat
HPRegen  0.18/turn              M - ring of protection from cold
MPRegen  0.17/turn              A - ring of protection from fire

@: acrobat
A: negative energy resistance 1, electricity resistance, unbreathing,
petrification resistance, rot immunity, AC +8
a: Renounce Religion


You were on level 10 of the Dungeon.
You worshipped Vehumet.
Vehumet was most pleased with you.
You were not hungry.

You visited 1 branch of the dungeon, and saw 10 of its levels.

You collected 474 gold pieces.

Inventory:

Hand Weapons
 H - a +3 trident of venom (weapon)
Missiles
 b - 152 stones (quivered)
Armour
 c - a +0 robe (worn)
 o - a +0 pair of gloves (worn)
 v - a +2 helmet of intelligence (worn)
Magical Staves
 J - an uncursed staff of wizardry {unknown}
Jewellery
 p - a +6 ring of dexterity
 w - an amulet of the acrobat (around neck)
 x - a +4 ring of protection
 A - a ring of protection from fire (right hand)
 B - an uncursed amulet of faith
 I - a +4 ring of protection
 M - a ring of protection from cold (left hand)
 N - an uncursed ring of ice
 Q - a +6 ring of strength
Wands
 a - a wand of flame (4)
 K - a wand of random effects (12)
 P - a wand of clouds (7)
Scrolls
 j - a scroll of fog
 l - a scroll of amnesia {unknown}
 m - 2 scrolls of blinking {unknown}
 n - a scroll of enchant armour {unknown}
 q - 6 scrolls of teleportation
 r - 5 scrolls of remove curse
 t - a scroll of noise {unknown}
 y - 4 scrolls of magic mapping {unknown}
 G - 2 scrolls of enchant weapon
 O - 4 scrolls of identify
 S - a scroll of random uselessness {unknown}
Potions
 e - a potion of berserk rage {unknown}
 f - 5 potions of brilliance
 g - 2 potions of heal wounds
 h - a potion of magic
 i - 2 potions of might {unknown}
 k - 4 potions of ambrosia
 s - 5 potions of lignification
 u - 5 potions of curing
 z - a potion of cancellation {unknown}
 C - 2 potions of mutation {unknown}
 D - a potion of resistance {unknown}
 E - a potion of invisibility {unknown}
 F - 2 potions of stabbing {unknown}
 L - 2 potions of degeneration {unknown}
Comestibles
 d - 18 rations
 R - 5 chunks of flesh


   Skills:
 + Level 2.9 Dodging
 - Level 2.1 Stealth
 - Level 7.0 Spellcasting
 + Level 6.4 Conjurations
 * Level 0.1 Charms
 - Level 0.7 Transmutations
 * Level 16.6 Earth Magic


You had one spell level left.
You knew the following spells:

 Your Spells              Type           Power        Failure   Level  Hunger
a - Sandblast             Erth           ######       0%          1    None
b - Passwall              Tmut/Erth      #####...     1%          2    None
c - Stone Arrow           Conj/Erth      ######       1%          3    None
d - Lee's Rapid Deconstr  Erth           ######....   1%          5    #####..
e - Petrify               Tmut/Erth      #####...     2%          4    ###....
f - Searing Ray           Conj           #####.       1%          2    None
g - Swiftness             Chrm/Air       #.......     11%         2    None
h - Olgreb's Toxic Radia  Pois           #.......     19%         4    ###....

Your spell library contained the following spells:

 Spells                   Type           Power        Failure   Level  Hunger
 Summon Small Mammal      Summ           #...         8%          1    None
 Call Imp                 Summ           #.......     12%         2    None
 Call Canine Familiar     Summ           #.......     22%         3    None
 Summon Guardian Golem    Hex/Summ       #.......     22%         3    None
 Passage of Golubria      Tloc           N/A          58%         4    ###....
 Summon Ice Beast         Ice/Summ       #.......     58%         4    ###....
 Summon Lightning Spire   Summ/Air       #.......     58%         4    ###....
 Darkness                 Hex            #.........   100%        6    ######.
 Invisibility             Hex            #.......     100%        6    ######.


Dungeon Overview and Level Annotations

Branches:
Dungeon (10/15)            Temple (0/1) D:6            Lair (0/6) D:9
    Orc: D:9-12

Altars:
Cheibriados
Kikubaaqudgha
Okawaru
Qazlal
Trog
Vehumet
Wu Jian
Xom
Yredelemnul

Annotations:
D:10 Snorg


Innate Abilities, Weirdness & Mutations

You are resistant to torment.
Your stone body is resilient. (AC +8)
You are immune to poison.
You resist negative energy. (rN+)
You are resistant to electric shocks. (rElec)
You can survive without breathing.
You are immune to petrification.
You are immune to rotting.


Message History

You barely miss the shadow imp.
Snorg shouts!
You hear a shout!
The shadow imp hits you but does no damage.
You hit the shadow imp but do no damage.
The shadow imp hits you but does no damage.
The shadow imp closely misses you.
Snorg goes berserk!
An ogre comes into view. It is wielding a +0 giant club.
The ogre shouts!
Snorg completely misses you. x2; Snorg misses you.
Snorg closely misses you. Snorg barely misses you. Snorg completely misses you.
Snorg rages.
Some of the chunks of flesh in your inventory have rotted away.
Snorg bites you but does no damage. Snorg claws you. Snorg closely misses you.
Snorg closely misses you. Snorg barely misses you. Snorg claws you!
Snorg bites you! Snorg closely misses you. Snorg claws you but does no damage.
Casting: Lee's Rapid Deconstruction (safe; 1% risk of failure)
Confirm with . or Enter, or press ? or * to list all spells.
Okay, then.
Snorg bites you!!
You die...

.....# #.# ..)..# #. .. .....#
#.# #.# .....# #[##### ..# ..####
#.....# ..## ..######### #..##.#
####..## ..........#####..##.#
#......#
................>##.######.###?.$
................@T..5O.........#.
...(......................######.
......÷..........................
..#.######.........#...#.########
..#.# #.........#...#.# .##.#
#.........#.<.'.# . #.#
###########...### . #.# #....# .
#.# ##...#


You could see Snorg (berserk), an ogre and a shadow imp.

Vanquished Creatures
  3 two-headed ogres
  Joseph (D:8)
  A hippogriff (D:7)
  2 wyverns (D:8)
  A human (D:9)
  A hungry ghost (D:7)
  A basilisk (D:9)
  4 yaks (D:9)
  4 hogs (D:9)
  Menkaure (D:6)
  Duvessa (D:7)
  3 porcupines (D:9)
  An orc warrior (D:7)
  An ice beast (D:6)
  2 phantoms
  A sky beast (D:9)
  3 black bears
  3 eyes of draining (D:6)
  6 ogres
  4 centaurs
  3 crocodiles (D:9)
  A big kobold (D:6)
  A gnoll sergeant (D:5)
  2 bullfrogs
  A scorpion (D:8)
  A wyvern skeleton (D:9)
  Dowan (D:7)
  8 wights (D:7)
  10 howler monkeys
  5 crimson imps
  A bullfrog zombie (D:10)
  7 orc wizards
  8 hounds
  6 centaur skeletons
  2 jellies (D:7)
  6 orc priests
  A bullfrog skeleton (D:10)
  4 iguanas
  10 worker ants
  Terence (D:3)
  A killer bee zombie (D:6)
  A howler monkey zombie (D:7)
  8 adders
  5 gnolls (D:5)
  A shadow imp (D:10)
  An ooze (D:2)
  2 adder skeletons (D:4)
  5 leopard geckos
  23 orcs
  3 ball pythons
  6 giant cockroaches
  8 goblins
  6 hobgoblins
  16 jackals
  2 quokkas
  4 bats
  2 frilled lizards
  8 kobolds
  2 leopard gecko skeletons
  7 rats
234 creatures vanquished.

Vanquished Creatures (others)
  An iguana (D:9)
  3 bushes (D:9)
  4 fungi (D:9)
  19 plants (D:9)
27 creatures vanquished.

Grand Total: 261 creatures vanquished

Notes
Turn   | Place    | Note
-------+----------+-------------------------------------------
     0 | D:1      | DearestLeader the Gargoyle Earth Elementalist began the
                  | quest for the Orb.
     0 | D:1      | Reached XP level 1. HP: 10/10 MP: 3/3
   388 | D:1      | Reached skill level 4 in Earth Magic
   423 | D:1      | Reached XP level 2. HP: 15/15 MP: 5/5
  1380 | D:1      | Reached XP level 3. HP: 19/19 MP: 6/6
  1484 | D:1      | Reached skill level 5 in Earth Magic
  1692 | D:2      | Found an iron altar of Okawaru.
  1966 | D:2      | Learned a level 2 spell: Passwall
  1978 | D:2      | Learned a level 3 spell: Stone Arrow
  1995 | D:2      | Reached XP level 4. HP: 13/24 MP: 7/7
  2009 | D:2      | Reached skill level 6 in Earth Magic
  2714 | D:3      | You fall into a shaft and drop 1 floor!
  2723 | D:4      | Reached XP level 5. HP: 26/28 MP: 3/8
  2807 | D:4      | Reached skill level 7 in Earth Magic
  3149 | D:3      | Noticed Terence
  3157 | D:3      | Killed Terence
  3338 | D:4      | Reached skill level 8 in Earth Magic
  3338 | D:4      | Reached XP level 6. HP: 8/32 MP: 3/9
  3947 | D:4      | Reached XP level 7. HP: 26/36 MP: 6/11
  4142 | D:5      | Entered Level 5 of the Dungeon
  4276 | D:5      | Found a radiant altar of Vehumet.
  4283 | D:5      | Became a worshipper of Vehumet
  4302 | D:5      | Reached skill level 9 in Earth Magic
  4363 | D:5      | Learned a level 5 spell: Lee's Rapid Deconstruction
  4554 | D:5      | Reached skill level 10 in Earth Magic
  4857 | D:5      | Reached XP level 8. HP: 40/41 MP: 13/13
  5307 | D:6      | Noticed Menkaure
  5312 | D:6      | Killed Menkaure
  5312 | D:6      | Reached skill level 11 in Earth Magic
  5318 | D:6      | Learned a level 4 spell: Petrify
  5335 | D:6      | Found a staircase to the Ecumenical Temple.
  5747 | D:6      | Found a bloodstained altar of Trog.
  5762 | D:6      | Reached skill level 5 in Spellcasting
  5855 | D:6      | Reached XP level 9. HP: 45/45 MP: 16/16
  5961 | D:6      | Reached skill level 12 in Earth Magic
  6333 | D:7      | Noticed Dowan
  6415 | D:7      | Reached * piety under Vehumet
  6415 | D:7      | Offered knowledge of Shock by Vehumet.
  6417 | D:7      | Reached skill level 13 in Earth Magic
  6421 | D:7      | Noticed Duvessa
  6626 | D:7      | Killed Dowan
  6635 | D:7      | Killed Duvessa
  7161 | D:7      | Found a snail-covered altar of Cheibriados.
  7161 | D:7      | Found a basalt altar of Yredelemnul.
  7238 | D:7      | Found a stormy altar of Qazlal.
  7238 | D:7      | Found a shimmering altar of Xom.
  7240 | D:7      | Found an ornate altar of the Wu Jian Council.
  7240 | D:7      | Found an ancient bone altar of Kikubaaqudgha.
  7325 | D:7      | Reached XP level 10. HP: 50/50 MP: 18/20
  7514 | D:8      | Reached skill level 14 in Earth Magic
  7586 | D:8      | Reached skill level 1 in Conjurations
  7995 | D:8      | Noticed Joseph
  8008 | D:8      | Killed Joseph
  8181 | D:8      | Reached ** piety under Vehumet
  8207 | D:8      | Offered knowledge of Searing Ray by Vehumet.
  8294 | D:8      | Learned a level 2 spell: Searing Ray
  8509 | D:8      | Found the +7 Spriggan's Knife {stab, EV+4 Stlth+}
  9017 | D:9      | Noticed a two-headed ogre
  9022 | D:9      | HP: 2/50 [two-headed ogre/+0 giant spiked club (24)]
  9032 | D:9      | Killed a two-headed ogre
  9032 | D:9      | Reached skill level 15 in Earth Magic
  9552 | D:9      | Noticed a two-headed ogre
  9560 | D:9      | Killed a two-headed ogre
  9821 | D:9      | Reached skill level 5 in Conjurations
  9836 | D:9      | Reached XP level 11. HP: 51/54 MP: 19/21
 10157 | D:9      | Reached skill level 16 in Earth Magic
 10212 | D:9      | Offered knowledge of Static Discharge by Vehumet.
 10233 | D:9      | Reached *** piety under Vehumet
 10433 | D:9      | Found a staircase to the Lair.
 10954 | D:10     | Entered Level 10 of the Dungeon
 11103 | D:10     | Noticed a two-headed ogre
 11108 | D:10     | Killed a two-headed ogre
 11152 | D:10     | Offered knowledge of Olgreb's Toxic Radiance by Vehumet.
 11180 | D:10     | Learned a level 2 spell: Swiftness
 11185 | D:10     | Learned a level 4 spell: Olgreb's Toxic Radiance
 11304 | D:10     | Noticed Snorg
 11321 | D:10     | Slain by Snorg

Illustrated notes

Levels and vault maps discovered:
D:1:      lemuel_arrival_room, layout_loops_ring, minivault_5
D:2:      layout_basic, kennysheep_okawaru_gauntlet
D:3:      layout_rooms, first_ration, uniq_terence
D:4:      layout_rooms, serial_corexii_hall, corexii_hall_statues_l,
          chequers_hall_statues_wall_a, chequers_hall_statues_wall_a
D:5:      kb_forest_paths, layout_basic, basic_altar
D:6:      layout_basic, minmay_temple_entry_gardened_gates, nrook_pool_corridor,
          grunt_decor_cap, trog_eyes_of_draining, uniq_menkaure
D:7:      layout_cave_pools, grunt_temple_overflow_cloverleaf,
          gammafunk_temple_overflow_elements, uniq_duvessa
D:8:      layout_layer_cave, uniq_joseph
D:9:      layout_basic, minmay_lair_entry_grove, grunt_livestock
D:10:     layout_basic, nicolae_trove_entry_crystal,
          nemelex_diamond_rough_becter, uniq_snorg

Skill      XL: |  1  2  3  4  5  6  7  8  9 10 11 |
---------------+----------------------------------+-----
Earth Magic    | 4 5 6 8 10 11 13 15 16 | 16.6
Spellcasting   | 3 5 6 7 |  7.0
Conjurations   | 5 6 |  6.4
Dodging        | 2 |  2.9
Stealth        | |  2.1
Charms         | |  0.1
Transmutations | |  0.7

Action                   |  1- 3 |  4- 6 |  7- 9 | 10-12 || total
-------------------------+-------+-------+-------+-------++-------
Melee: Unarmed           |    18 |       |       |       ||    18
       Whip              |    55 |       |       |       ||    55
       Hand axe          |    36 |    79 |    17 |       ||   132
       Trident           |       |       |   151 |   200 ||   351
 Cast: Sandblast         |    12 |    26 |    69 |    54 ||   161
       Stone Arrow       |       |       |     4 |    13 ||    17
       Lee's Rapid Decon |       |       |     5 |     8 ||    13
       Searing Ray       |       |       |       |     3 ||     3
  Use: Scroll            |       |     4 |       |     7 ||    11
 Stab: Sleeping          |     3 |     1 |     3 |     3 ||    10
       Distracted        |       |       |       |     2 ||     2
  Eat: Chunk             |     4 |     6 |    12 |    12 ||    34
       Ration            |       |       |       |     1 ||     1
Armor: Robe              |    37 |    48 |    87 |   118 ||   290
Dodge: Dodged            |    75 |    77 |   148 |   163 ||   463
